 Dungeon Crawl Stone Soup version 0.25.1-1-g288607f5aa (webtiles) character file.

Game seed: 7114570070724809273

379 Acheron the Ducker (level 6, -1/40 (41) HPs)
             Began as an Octopode Warper on July 22, 2020.
             Slain by a hound (6 damage)
             ... on level 6 of the Dungeon.
             The game lasted 00:18:00 (2366 turns).

Acheron the Ducker (Octopode Warper)                Turns: 2366, Time: 00:18:01

HP:   -1/40 (41)    AC:  1    Str: 10    XL:     6   Next: 74%
MP:   10/10         EV: 15    Int: 15    God:
Gold: 135           SH:  0    Dex: 14    Spells: 6/10 levels left

rFire    . . .     SeeInvis .   p - +1 hand axe (flame)
rCold    . . .     Gourm    .   (no shield)
rNeg     . . .     Faith    .   (helmet restricted)
rPois    .         Spirit   .   (no amulet)
rElec    .         Reflect  .   (no ring)
rCorr    .         Harm     .   (no ring)
MR       .....                  (no ring)
Stlth    +++.......             (no ring)
HPRegen  0.13/turn              (no ring)
MPRegen  0.12/turn              (no ring)
                                (no ring)
                                (no ring)

@: hasted, very quick
A: almost no armour, stealthy swim, amphibious, 8 rings, constrict 8, camouflage
1, gelatinous body 1
a: no special abilities


You were on level 6 of the Dungeon.
You were hungry.

You visited 1 branch of the dungeon, and saw 6 of its levels.

You collected 135 gold pieces.

Inventory:

Hand Weapons
 b - a +0 hunting sling
 p - a +1 hand axe of flaming (weapon)
Missiles
 d - 2 boomerangs of dispersal (quivered)
 j - 39 stones
 o - 52 sling bullets
Wands
 n - a wand of digging (5)
Scrolls
 i - a scroll of identify
Potions
 g - a potion of mutation
 h - a potion of haste
 k - a potion of curing
 m - a potion of resistance
Comestibles
 f - 3 rations


   Skills:
 * Level 2.9 Fighting
 * Level 3.1 Axes
 + Level 1.0(1.8) Slings
 * Level 2.3(2.4) Throwing
 * Level 3.6 Dodging
 * Level 3.0 Stealth
 * Level 2.7 Spellcasting
 * Level 1.0 Charms
 * Level 3.3 Translocations
 * Level 1.7 Evocations


You had 6 spell levels left.
You knew the following spells:

 Your Spells              Type           Power        Failure   Level  Hunger
a - Shroud of Golubria    Chrm/Tloc      #.....       13%         2    ##.....
b - Blink                 Tloc           N/A          8%          2    ##.....

Your spell library contained the following spells:

 Spells                   Type           Power        Failure   Level  Hunger
 Gell's Gravitas          Tloc           ##........   16%         3    ###....
 Lesser Beckoning         Tloc           ##........   16%         3    ###....
 Teleport Other           Tloc           ##......     16%         3    ###....
 Passage of Golubria      Tloc           N/A          45%         4    #####..


Dungeon Overview and Level Annotations

Branches:
Dungeon (6/15)
 Temple: D:4-7

Altars:
Hepliaklqana

Shops:
D:4 ==:

Annotations:
D:5 Dowan, Duvessa


Innate Abilities, Weirdness & Mutations

You cannot wear most types of armour.
You are very stealthy in the water. (Stealth+)
You are amphibious.
You can wear up to eight rings at the same time.
You can use your tentacles to constrict eight enemies at once.
Your skin changes colour to match your surroundings (Stealth+).
Your rubbery body absorbs attacks. (AC +1, EV +1)


Message History

* * * LOW HITPOINT WARNING * * *
The orc wizard gestures wildly while chanting.
The orc wizard blinks!
The orc wizard mumbles some strange words.
The orc wizard blinks!
The orc wizard misses you. The hound misses you.
You hit the orc wizard but do no damage.
Your grab misses the orc wizard. You barely miss the hound.
You feel yourself speed up.
The orc wizard hits you with a +0 dagger.
* * * LOW HITPOINT WARNING * * *
The hound barely misses you.
The orc wizard hits you with a +0 dagger.
* * * LOW HITPOINT WARNING * * *
The hound barely misses you.
The orc wizard mumbles some strange words.
The orc wizard blinks!
You barely miss the hound. Your grab misses the hound.
Your squeeze misses the hound. The hound bites you.
You die...

.#.###..#
.#o#^...#####
.#.#.#o.....#
...#.######.#
.###......#.#########
.....#......o........
####.#.#....#........
(...#.#..#.######.#
#.###......oh@....#
#.# #....#.########
#.# #.####.. #.....
### ####


You could see a hound and an orc wizard (fast).

Vanquished Creatures
  A necrophage (D:6)
  An ogre (D:6)
  A big kobold (D:6)
  A crimson imp (D:6)
  A worker ant (D:6)
  A hound zombie (D:6)
  2 adders
  An adder skeleton (D:6)
  2 dart slugs (D:1)
  4 leopard geckos
  An orc (D:4)
  A ball python (D:4)
  A bat (D:1)
  2 goblins
  3 hobgoblins
  11 jackals
  3 kobolds
37 creatures vanquished.

Notes
Turn   | Place    | Note
-------+----------+-------------------------------------------
     0 | D:1      | Acheron the Octopode Warper began the quest for the Orb.
     0 | D:1      | Reached XP level 1. HP: 14/14 MP: 3/3
    69 | D:1      | Reached XP level 2. HP: 12/19 MP: 5/5
   845 | D:1      | Reached XP level 3. HP: 20/24 MP: 6/6
   979 | D:3      | Learned a level 2 spell: Shroud of Golubria
   982 | D:3      | Learned a level 2 spell: Blink
  1539 | D:4      | Noticed an ogre
  1588 | D:4      | Found Qotuy's Book Emporium.
  1645 | D:4      | Found Inwopuar's Jewellery Shop.
  1646 | D:4      | Found Ockushrirr's Jewellery Boutique.
  1657 | D:4      | Reached XP level 4. HP: 29/29 MP: 4/7
  1731 | D:4      | Noticed an ogre
  1742 | D:5      | Entered Level 5 of the Dungeon
  1748 | D:5      | Noticed Duvessa
  1749 | D:5      | Noticed Dowan
  1805 | D:5      | Noticed an ice beast
  1828 | D:6      | Reached skill level 1 in Stealth
  1845 | D:6      | Noticed a necrophage
  1859 | D:6      | Killed a necrophage
  1859 | D:6      | Reached skill level 1 in Evocations
  1859 | D:6      | Reached XP level 5. HP: 9/34 MP: 8/8
  2142 | D:6      | Noticed a big kobold
  2158 | D:6      | Killed a big kobold
  2158 | D:6      | Reached XP level 6. HP: 23/40 MP: 8/10
  2301 | D:6      | Noticed an orc warrior
  2315 | D:6      | Reached skill level 1 in Slings
  2315 | D:6      | Reached skill level 1 in Charms
  2325 | D:6      | Found a hazy altar of Hepliaklqana.
  2366 | D:6      | Slain by a hound

Illustrated notes

Levels and vault maps discovered:
D:1:      lemuel_arrival_hallway, layout_loops_corners, minmay_misc_feat_roman
D:2:      minmay_general_purpose_star, layout_basic, lemuel_round_altar,
          uniq_terence
D:3:      layout_basic, serial_curves, eino_curves_01, eino_curves_04
D:4:      layout_basic, serial_forest, infiniplex_forest_clump_large,
          infiniplex_forest_clump_small, infiniplex_forest_pool,
          infiniplex_forest_lined_room_2, first_ration, serial_shops, shop,
          shop, kennysheep_little_box, shop, saegor_snake_ambush
D:5:      layout_loops_cross, uniq_eustachio, uniq_duvessa, uniq_pikel
D:6:      layout_basic, old_standard_altar, serial_shops, shop_fountains,
          nicolae_shop_waterfront, nicolae_shop_trees, nicolae_shop_crystal,
          minmay_unpleasant_kobolds, uniq_edmund

Skill      XL: |  1  2  3  4  5  6 |
---------------+-------------------+-----
Dodging        | 3 |  3.6
Stealth        | 2 3 |  3.0
Evocations     | 1 |  1.7
Throwing       | 2 |  2.3
Axes           | 3 |  3.1
Slings         | 1 |  1.0
Charms         | 1 |  1.0
Fighting       | |  2.9
Spellcasting   | |  2.7
Translocations | |  3.3

Action                   |  1- 3 |  4- 6 || total
-------------------------+-------+-------++-------
Melee: Hand axe          |    65 |    35 ||   100
       Constrict         |    20 |     9 ||    29
       Tentacles         |     8 |     9 ||    17
 Fire: Hunting sling     |       |     7 ||     7
Throw: Boomerang         |     3 |       ||     3
 Cast: Shroud of Golubri |     8 |     1 ||     9
Evoke: Wand              |       |     1 ||     1
  Use: Scroll            |     1 |     6 ||     7
       Potion            |       |     1 ||     1
 Stab: Sleeping          |     4 |       ||     4
  Eat: Ration            |     1 |       ||     1
       Chunk             |     1 |       ||     1
Armor: Skin              |     6 |       ||     6
Dodge: Dodged            |    45 |    45 ||    90
